 Dungeon Sprint DCSS version 0.29.1-15-g9cfb28693d (webtiles) character file.

Game seed: 15396449426967214060

2746 Groucho the Protected (level 9, -11/129 HPs)
             Began as a Minotaur Fighter on Mar 24, 2023.
             Was a Believer of Qazlal.
             Mangled by a tengu warrior
             ... wielding a +2 long sword of electrocution
              (13 damage)
             ... in the Dungeon (Sprint IX: "|||||||||||||||||||||||||||||").
             The game lasted 00:03:43 (1063 turns).

Groucho the Protected (Minotaur Fighter)            Turns: 1063, Time: 00:03:44

Health: -11/129    AC: 13    Str: 27    XL:     9   Next: 41%
Magic:  2/14       EV: 14    Int:  5    God:    Qazlal [**....]
Gold:   0          SH:  9    Dex: 11    Spells: 8/8 levels left

rFire   . . .      SeeInvis .   n - +1 broad axe (flame)
rCold   . . .      Faith    .   c - +0 buckler
rNeg    . . .      Spirit   .   p - +1 scale mail
rPois   .          Reflect  .   (helmet restricted)
rElec   .          Harm     .   (no cloak)
rCorr   .          Rampage  .   a - +0 pair of gloves
Will    .....      NoTele   +   o - +0 pair of boots
Stlth   ..........              (no amulet)
HPRegen 0.31/turn               b - +3 ring of strength
MPRegen 0.14/turn               q - +2 ring of evasion

@: berserking (expiring), very quick
A: horns 2, retaliatory headbutt
a: Renounce Religion, Upheaval


You were in the Dungeon.
You worshipped Qazlal.
Qazlal was pleased with you.
You visited 1 branch

Inventory:

Hand Weapons
 n - a +1 broad axe of flaming (weapon)
Armour
 a - a +0 pair of gloves (worn)
 c - a +0 buckler (worn)
 o - a +0 pair of boots (worn)
 p - a +1 scale mail (worn)
Jewellery
 b - a +3 ring of strength (left hand)
 q - a +2 ring of evasion (right hand)
Wands
 m - a wand of roots (10)
Scrolls
 j - a scroll of blinking
 l - 2 scrolls of amnesia
Potions
 d - a potion of might
 g - a potion of haste
 h - 4 potions of magic


   Skills:
 + Level 10.5 Fighting
 * Level 12.4 Axes
 * Level 12.6 Armour
 + Level 6.3 Dodging
 + Level 10.6 Shields
 + Level 6.4 Unarmed Combat
 * Level 8.4 Invocations


You had 8 spell levels left.
You didn't know any spells.
Your spell library was empty.

Dungeon Overview and Level Annotations

Branches:
Dungeon (1/1)

Altars:
Cheibriados
Dithmenos
Elyvilon
Fedhas
Gozag
Hepliaklqana
Kikubaaqudgha
Makhleb
Nemelex Xobeh
Okawaru
Qazlal
Ru
Sif Muna
Trog
Uskayaw
Vehumet
Wu Jian
Xom
Yredelemnul
Zin
The Shining One
Jiyva
Lugonu


Innate Abilities, Weirdness & Mutations

You have a pair of horns on your head.
You reflexively headbutt those who attack you in melee.


Message History

Unknown command.
The tengu warrior blocks your attack.
The tengu warrior is severely wounded.
The tengu warrior hits you with a +2 long sword of electrocution.
* * * LOW HITPOINT WARNING * * *
You block the tengu warrior's attack. The tengu warrior claws you.
* * * LOW HITPOINT WARNING * * *
Unknown command.
Unknown command.
You hit the tengu warrior but do no damage.
The tengu warrior is severely wounded.
The tengu warrior hits you with a +2 long sword of electrocution!
* * * LOW HITPOINT WARNING * * *
The tengu warrior barely misses you. You block the tengu warrior's attack.
Unknown command.
Unknown command.
A red film seems to cover your vision as you go berserk!
You feel yourself moving faster!
You feel mighty!
You block the tengu warrior's attack. x2
The tengu warrior claws you but does no damage.
You hit the tengu warrior. You burn the tengu warrior.
The tengu warrior blocks your attack.
The tengu warrior is severely wounded.
The tengu warrior hits you with a +2 long sword of electrocution.
* * * LOW HITPOINT WARNING * * *
The tengu warrior pecks you.
* * * LOW HITPOINT WARNING * * *
You block the tengu warrior's attack.
Unknown command.
Unknown command.
Unknown command.
Unknown command.
Unknown command.
Unknown command.
The tengu warrior blocks your attack.
You headbutt the tengu warrior!
The tengu warrior is almost dead.
You barely miss the tengu warrior. Your headbutt misses the tengu warrior.
The tengu warrior is almost dead.
The tengu warrior hits you with a +2 long sword of electrocution!
You die...

▓▓▓
▓@▓
▓Q▓
▓.▓
▓.▓
▓'▓
▓.▓
▓.▓
▓.▓
▓.▓


You could see a tengu warrior.

Vanquished Creatures
  A centaur warrior (D)
  A deep elf pyromancer (D)
  A cyclops (D)
  A komodo dragon (D)
  A shadow (D)
  A vampire (D)
  A yak (D)
  An orc warrior (D)
  An ogre (D)
  A kobold brigand (D)
  A scorpion (D)
  A killer bee (D)
  A hound (D)
  An iguana (D)
  An orc (D)
  An endoplasm (D)
  A hobgoblin (D)
  A ball python (D)
  2 rats (D)
20 creatures vanquished.

Vanquished Creatures (others)
  A kobold demonologist (D)
1 creature vanquished.

Grand Total: 21 creatures vanquished

Notes
Turn   | Place    | Note
-------+----------+-------------------------------------------
     0 | D        | Groucho the Minotaur Fighter began the quest for the Orb.
     0 | D        | Reached XP level 1. HP: 19/19 MP: 0/0
   102 | D        | Noticed a hound
   102 | D        | Noticed a scorpion
   102 | D        | Noticed an iguana
   102 | D        | Noticed an ogre
   104 | D        | Killed a hound
   105 | D        | Reached skill level 5 in Fighting
   105 | D        | Reached skill level 5 in Armour
   105 | D        | Reached skill level 5 in Shields
   105 | D        | Reached XP level 2. HP: 29/29 MP: 1/1
   105 | D        | Reached XP level 3. HP: 36/36 MP: 2/2
   114 | D        | Killed a scorpion
   115 | D        | Reached skill level 5 in Axes
   115 | D        | Reached XP level 4. HP: 23/45 MP: 3/3
   123 | D        | Killed an ogre
   124 | D        | Reached XP level 5. HP: 34/53 MP: 4/4
   130 | D        | Found a snail-covered altar of Cheibriados.
   130 | D        | Found a shadowy altar of Dithmenos.
   130 | D        | Found a white marble altar of Elyvilon.
   130 | D        | Found a blossoming altar of Fedhas.
   130 | D        | Found an opulent altar of Gozag.
   131 | D        | Found a hazy altar of Hepliaklqana.
   132 | D        | Found a viscous altar of Jiyva.
   133 | D        | Found an ancient bone altar of Kikubaaqudgha.
   134 | D        | Found a corrupted altar of Lugonu.
   135 | D        | Found a burning altar of Makhleb.
   136 | D        | Found a sparkling altar of Nemelex Xobeh.
   137 | D        | Found an iron altar of Okawaru.
   138 | D        | Found a stormy altar of Qazlal.
   139 | D        | Found a sacrificial altar of Ru.
   140 | D        | Found a shimmering blue altar of Sif Muna.
   141 | D        | Found a bloodstained altar of Trog.
   142 | D        | Found a hide-covered altar of Uskayaw.
   143 | D        | Found a radiant altar of Vehumet.
   144 | D        | Found an ornate altar of the Wu Jian Council.
   145 | D        | Found a shimmering altar of Xom.
   146 | D        | Found a basalt altar of Yredelemnul.
   147 | D        | Found a glowing silver altar of Zin.
   148 | D        | Found a glowing golden altar of the Shining One.
   158 | D        | Became a worshipper of Qazlal Stormbringer
   287 | D        | Noticed an orc warrior
   287 | D        | Noticed a shadow
   287 | D        | Noticed a kobold demonologist
   287 | D        | Noticed a yak
   288 | D        | Killed an orc warrior
   289 | D        | Reached skill level 1 in Dodging
   289 | D        | Reached skill level 1 in Unarmed Combat
   289 | D        | Reached XP level 6. HP: 57/61 MP: 4/6
   311 | D        | Noticed an ice devil
   313 | D        | Noticed a chaos spawn
   313 | D        | Killed a shadow
   313 | D        | Reached * piety under Qazlal
   329 | D        | Noticed a red devil
   330 | D        | Killed a kobold demonologist
   331 | D        | Reached skill level 10 in Armour
   331 | D        | Reached skill level 5 in Invocations
   331 | D        | Reached XP level 7. HP: 26/70 MP: 7/9
   342 | D        | Killed a yak
   343 | D        | Reached skill level 10 in Axes
   970 | D        | Noticed a komodo dragon
   970 | D        | Noticed a cyclops
   970 | D        | Noticed a centaur warrior
   970 | D        | Noticed a vampire
   970 | D        | Noticed a deep elf pyromancer
   970 | D        | Noticed a tengu warrior
   972 | D        | Killed a komodo dragon
   972 | D        | Reached ** piety under Qazlal
   973 | D        | Reached XP level 8. HP: 57/78 MP: 11/11
   976 | D        | Killed a cyclops
   977 | D        | Reached skill level 5 in Dodging
   977 | D        | Reached skill level 5 in Unarmed Combat
   979 | D        | Killed a centaur warrior
   980 | D        | Reached skill level 10 in Fighting
   980 | D        | Reached skill level 10 in Shields
   980 | D        | Reached XP level 9. HP: 38/85 MP: 8/13
   981 | D        | Killed a deep elf pyromancer
   989 | D        | HP: 3/86 [something (16)]
  1059 | D        | HP: 3/86 [tengu warrior/+2 long sword of electrocution
                  | (11)]
  1061 | D        | HP: 1/129 [tengu warrior/+2 long sword of electrocution
                  | (1)]
  1063 | D        | Mangled by a tengu warrior

Illustrated notes

Levels and vault maps discovered:
D:        linesprint [early_d, line_temple, items_1, d_10, items_2, lair_1,
          lair_end, items_3, orc_1, orc_end, items_4, d_15, swamp_1, shoals_1,
          snake_1, spider_1, d_20, vaults_1, items_5, swamp_end, shoals_end,
          snake_end, spider_end, vaults_end, d_27, items_6, zot_1, zot_end,
          crypt_end, forest_end, elf_end, slime_end, tomb_end, abyss_end,
          pan_hell_end]

Skill      XL: |  1  2  3  4  5  6  7  8  9 |
---------------+----------------------------+-----
Fighting       | 5 6 7 8 9 10 | 10.5
Axes           | 4 5 7 9 10 11 12 | 12.4
Armour         | 5 6 7 8 10 12 | 12.6
Shields        | 5 6 7 8 9 10 | 10.6
Dodging        | 1 3 4 5 6 |  6.3
Unarmed Combat | 1 3 4 5 6 |  6.4
Invocations    | 2 5 6 7 8 |  8.4

Action                   |  1- 3 |  4- 6 |  7- 9 || total
-------------------------+-------+-------+-------++-------
Melee: War axe           |    23 |     7 |       ||    30
       Headbutt          |     2 |     6 |     6 ||    14
       Broad axe         |       |    19 |    35 ||    54
Invok: Upheaval          |       |       |     7 ||     7
  Use: Potion            |       |     5 |     5 ||    10
       Scroll            |       |       |     1 ||     1
 Stab: Invisible         |       |     1 |     3 ||     4
       Petrifying        |       |     1 |       ||     1
Armor: Scale mail        |     6 |    11 |    18 ||    35
Dodge: Dodged            |     6 |     8 |    15 ||    29
Block: Buckler           |     3 |     4 |    13 ||    20
